 Dungeon Crawl Stone Soup version 0.17.1-3-g152610e (webtiles) character file.

1550 Urist the Archer (level 9, -5/69 HPs)
             Began as a Human Wanderer on Apr 8, 2016.
             Was a Believer of Nemelex Xobeh.
             Slain by an orc warrior
             ... wielding a cursed -3 scimitar
              (13 damage)
             ... on level 6 of the Dungeon.
             The game lasted 00:25:35 (5523 turns).

Urist the Archer (Human Wanderer)                   Turns: 5523, Time: 00:25:37

Health: -5/69      AC:  6    Str: 13    XL:     9   Next: 12%
Magic:  9/9        EV: 12    Int: 14    God:    Nemelex Xobeh [**....]
Gold:   305        SH:  0    Dex: 14    Spells: 0 memorised, 8 levels left

rFire  . . .     SeeInvis .     c - +0 war axe
rCold  . . .     Clarity  .     y - +2 leather armour of Xom's Generosity {Regen+}
rNeg   . . .     SustAt   .     (no shield)
rPois  .         Gourm    +     g - +0 helmet
rElec  .         Spirit   .     (no cloak)
rCorr  .         Warding  .     (no gloves)
rMut   .         Stasis   .     (no boots)
MR     .....                    u - amulet of the gourmand
Stlth  +.........               (no ring)
                                (no ring)

@: about to teleport, not resistant to hostile enchantments, very unstealthy
A: no striking features
a: Renounce Religion


You were on level 6 of the Dungeon.
You worshipped Nemelex Xobeh.
Nemelex Xobeh was pleased with you.
You were not hungry.

You visited 2 branches of the dungeon, and saw 7 of its levels.

You collected 305 gold pieces.

Inventory:

Hand Weapons
 b - a +0 shortbow
 c - a +0 war axe (weapon)
 q - a +0 hand axe
Armour
 a - a +2 scale mail
 g - a +0 helmet (worn)
 y - the +2 leather armour of Xom's Generosity (worn) {Regen+}
   (You found it on level 4 of the Dungeon)

   It increases your rate of regeneration.
Jewellery
 n - an uncursed amulet of resist mutation
 u - an amulet of the gourmand (around neck)
Scrolls
 d - a scroll of teleportation
 h - 4 scrolls of remove curse
 i - a scroll of magic mapping
 o - a scroll of identify
Potions
 j - a potion of agility
 k - 2 potions of curing
 l - a potion of brilliance
 s - a potion of heal wounds
 z - a potion of magic
Miscellaneous
 f - a plain deck of war {drawn: 4}
Comestibles
 e - 4 bread rations
 p - a royal jelly


   Skills:
 * Level 5.9 Fighting
 * Level 8.4 Bows
 + Level 1.0 Throwing
 * Level 5.1 Armour
 + Level 2.5 Dodging
 + Level 0.4 Stealth
   Level 1.0 Shields
 + Level 1.0 Evocations


You had 8 spell levels left.
You didn't know any spells.

Dungeon Overview and Level Annotations

Branches:
Dungeon (6/15)             Temple (1/1) D:5

Altars:
Ashenzari
Cheibriados
Dithmenos
Elyvilon
Gozag
Kikubaaqudgha
Makhleb
Nemelex Xobeh
Okawaru
Qazlal
Ru
Sif Muna
Trog
Vehumet
Xom
Yredelemnul
The Shining One

Annotations:
D:6 Sigmund


Message History

You hit the iguana but do no damage.
The iguana bites you but does no damage.
Sigmund points at you and mumbles some strange words.
You easily resist.
The orc warrior hits you with an enchanted scimitar!
Read which item? (? for menu, Esc to quit)
As you read the scroll of teleportation, it crumbles to dust.
You feel strangely unstable. The iguana barely misses you.
Sigmund's eyes start glowing with a red light.
Sigmund hits you from afar with a scythe of slicing!
The orc warrior hits you but does no damage.
You barely miss the iguana. You slash the orc warrior!
The orc warrior is moderately wounded.
The iguana bites you!
* * * LOW HITPOINT WARNING * * *
Sigmund hits you from afar with a scythe of slicing!
* * * LOW HITPOINT WARNING * * *
x2 The orc warrior hits you with an enchanted scimitar!
You die...
Your body glows slightly and disappears.

##...>...........................
#......}((.....######..........##
.(....((.(......#############.###
........((....................# #
.......)...[$....############## #
........)$...........############
.(........).÷.@..................
.(..............o....############
................@....#
.......o(......l.....#
#.......O......#.....##########
##.............#.....#........###
###..........#.#.................
# ##........##§#.^...#....††..###
# ........###§#.....#....)<..# #
#.#....## #§#.....##.#.#.###
$###### #§#.###.##.#.#.#


You could see Sigmund, an orc warrior and an iguana.

Vanquished Creatures
  Grinder (D:5)
  Eustachio (D:5)
  An ogre (D:4)
  A sky beast (D:5)
  A giant frog (D:6)
  A water moccasin zombie (D:6)
  5 orc wizards
  A centaur zombie (D:5)
  3 hounds (D:4)
  A centaur skeleton (D:4)
  3 iguanas (D:5)
  5 worker ants
  A hound zombie (D:6)
  A hound skeleton (D:5)
  6 adders
  A shadow imp (D:5)
  4 oozes
  4 worms
  4 giant geckos
  12 orcs
  2 giant cockroaches (D:1)
  5 goblins
  5 hobgoblins
  3 jackals (D:6)
  3 quokkas
  2 ball pythons (D:5)
  4 bats
  5 giant newts
  12 kobolds
  3 rats
101 creatures vanquished.

Vanquished Creatures (collateral kills)
  A water moccasin (D:4)
  An ogre (D:5)
  3 killer bees (D:4)
  A crimson imp (D:6)
  2 orc priests (D:6)
  2 orc wizards
  Terence (D:3)
  An iguana (D:6)
  A giant gecko (D:4)
  10 orcs
  A quokka (D:6)
  A giant gecko skeleton (D:4)
  A giant newt (D:6)
26 creatures vanquished.

Grand Total: 127 creatures vanquished

Notes
Turn   | Place    | Note
--------------------------------------------------------------
     0 | D:1      | Urist the Human Wanderer began the quest for the Orb.
     0 | D:1      | Urist set off with: a +2 scale mail, a +0 shortbow, 25 arrows, a scroll of teleportation, a bread ration
     0 | D:1      | Reached XP level 1. HP: 19/19 MP: 1/1
   166 | D:1      | Reached XP level 2. HP: 25/25 MP: 2/2
   495 | D:1      | Reached XP level 3. HP: 26/31 MP: 3/3
   946 | D:2      | Found a shimmering altar of Xom.
  1193 | D:2      | Reached XP level 4. HP: 33/38 MP: 4/4
  1584 | D:2      | Reached XP level 5. HP: 43/43 MP: 5/5
  1703 | D:3      | Noticed Terence
  1770 | D:3      | Found a sparkling altar of Nemelex Xobeh.
  1774 | D:3      | Became a worshipper of Nemelex Xobeh the Trickster
  1830 | D:3      | Received a gift from Nemelex Xobeh
  1832 | D:3      | Noticed a vampire mosquito
  1841 | D:3      | Killed Terence
  2070 | D:3      | Found a white marble altar of Elyvilon.
  2527 | D:3      | Found an iron altar of Okawaru.
  2593 | D:4      | Reached XP level 6. HP: 49/49 MP: 6/6
  2822 | D:4      | Noticed an ogre
  2825 | D:4      | Noticed a water moccasin
  2829 | D:4      | Killed a water moccasin
  2829 | D:4      | Reached skill level 5 in Bows
  2832 | D:4      | Killed an ogre
  2832 | D:4      | Reached skill level 5 in Fighting
  2832 | D:4      | Reached XP level 7. HP: 53/56 MP: 7/7
  2901 | D:4      | Reached skill level 1 in Dodging
  2990 | D:4      | Got a steaming leather armour
  2992 | D:4      | Identified the +2 leather armour of Xom's Generosity {Regen+} (You found it on level 4 of the Dungeon)
  3357 | D:4      | Found a deep blue altar of Sif Muna.
  3449 | D:4      | Received a gift from Nemelex Xobeh
  3540 | D:5      | Entered Level 5 of the Dungeon
  3566 | D:5      | Noticed Eustachio
  3578 | D:5      | Reached * piety under Nemelex Xobeh
  3623 | D:5      | Found a snail-covered altar of Cheibriados.
  3642 | D:5      | Reached skill level 6 in Bows
  3723 | D:5      | Killed Eustachio
  3723 | D:5      | Reached XP level 8. HP: 39/63 MP: 8/8
  3998 | D:5      | Reached skill level 7 in Bows
  4044 | D:5      | HP: 2/63 [orc wizard/puff of flame (12)]
  4402 | D:5      | Found a staircase to the Ecumenical Temple.
  4402 | D:5      | Noticed Grinder
  4405 | D:5      | Paralysed by Grinder for 3 turns
  4415 | D:5      | Paralysed by Grinder for 6 turns
  4422 | D:5      | Killed Grinder
  4448 | Temple   | Entered the Ecumenical Temple
  4455 | Temple   | Received a gift from Nemelex Xobeh
  4740 | D:5      | Reached ** piety under Nemelex Xobeh
  5048 | D:6      | Reached skill level 8 in Bows
  5099 | D:6      | Noticed Sigmund
  5202 | D:6      | Received a gift from Nemelex Xobeh
  5242 | D:6      | Reached skill level 5 in Armour
  5242 | D:6      | Reached XP level 9. HP: 29/69 MP: 9/9
  5419 | D:5      | Reached skill level 1 in Evocations
  5523 | D:6      | Slain by an orc warrior

Action                   |  1- 3 |  4- 6 |  7- 9 || total
-------------------------+-------+-------+-------++-------
Melee: Shortbow          |       |       |     2 ||     2
       Hand axe          |       |       |    28 ||    28
       War axe           |       |       |    17 ||    17
 Fire: Shortbow          |   108 |   120 |   283 ||   511
Evoke: Deck              |       |     4 |    11 ||    15
  Use: Scroll            |     4 |       |    18 ||    22
       Potion            |       |       |    10 ||    10
 Stab: Invisible         |       |       |     1 ||     1
       Distracted        |       |       |     1 ||     1
  Eat: Chunk             |       |     1 |       ||     1
       Meat ration       |       |     1 |     1 ||     2
       Beef jerky        |       |       |     1 ||     1
       Bread ration      |       |       |     1 ||     1
